[Event "EYTCC U12 Open 2019"]
[Site "Pardubice"]
[Date "2019.07.11"]
[Round "1.1"]
[White "Herega, Nejc"]
[Black "Maurizzi, Marc Andria"]
[Result "0-1"]
[ECO "E49"]
[WhiteElo "1939"]
[BlackElo "2412"]
[Annotator "NA"]
[PlyCount "80"]
[EventDate "2019.07.11"]
[EventType "swiss"]
[EventCountry "CZE"]
[SourceTitle "playchess.com"]
[Source "ChessBase"]
[SourceQuality "1"]
[WhiteTeam "Slovenia"]
[BlackTeam "France"]
[WhiteTeamCountry "SLO"]
[BlackTeamCountry "FRA"]
[TimeControl "40/5400+30:1800+30"]

1. d4 Nf6 2. c4 e6 3. Nc3 Bb4 4. e3 O-O 5. Bd3 d5 6. a3 Bxc3+ 7. bxc3 dxc4 8. Bxc4 c5 9. Ne2 Nc6 10. O-O e5 11. Bb2 Qc7 12. Ba2 Rd8 13. d5 c4 14. Bxc4 Na5 15. Ba2 Nc4 16. Qc2 Rxd5 17. Rad1 Be6 18. Bc1 Rxd1 19. Rxd1 Rd8 20. Rxd8+ Qxd8 21. Ng3 h5 22. Qe2 b5 23. Nxh5 Nxh5 24. Qxh5 Qd3 25. Bb3 Qxc3 26. Qd1 f6 27. h3 a5 28. Bc2 Kf7 29. a4 b4 30. Kh2 Ke7 31. e4 Nb2 32. Qe2 Bc4 33. Bxb2 Bxe2 34. Bxc3 bxc3 35. Kg3 Kd6 36. f4 Kc5 37. fxe5 fxe5 38. Kf2 Bc4 39. Ke3 Kb4 40. g4 Ka3 0-1

[Event "EYTCC U12 Open 2019"]
[Site "Pardubice"]
[Date "2019.07.11"]
[Round "1.2"]
[White "Makkar, Rajat"]
[Black "Skrbec, Leon"]
[Result "1-0"]
[ECO "A40"]
[WhiteElo "2064"]
[BlackElo "1896"]
[Annotator "NA"]
[PlyCount "109"]
[EventDate "2019.07.11"]
[EventType "swiss"]
[EventCountry "CZE"]
[SourceTitle "playchess.com"]
[Source "ChessBase"]
[SourceQuality "1"]
[WhiteTeam "France"]
[BlackTeam "Slovenia"]
[WhiteTeamCountry "FRA"]
[BlackTeamCountry "SLO"]
[TimeControl "40/5400+30:1800+30"]

1. d4 Nf6 2. c4 e6 3. g3 Bb4+ 4. Bd2 Qe7 5. Nf3 b6 6. Bg2 Bb7 7. O-O O-O 8. Nc3 Bxc3 9. Bxc3 Ne4 10. Be1 f5 11. Nd2 d5 12. e3 Nd7 13. Rc1 Ndf6 14. a3 c5 15. Nxe4 fxe4 16. b4 cxd4 17. Qxd4 Rfd8 18. Qb2 Rac8 19. cxd5 exd5 20. Bc3 Qe6 21. Rfd1 Rf8 22. Rd2 Rf7 23. Bxf6 Rxc1+ 24. Qxc1 Qxf6 25. Bh3 h6 26. Bg4 Kh7 27. Bh5 Re7 28. Bd1 Qe5 29. Rd4 Ba6 30. Bb3 Rc7 31. Qd2 Bd3 32. Kg2 Qf6 33. Bd1 Qf5 34. Bb3 Qf3+ 35. Kg1 h5 36. h4 g6 37. Rxd5 Qe2 38. Qxe2 Bxe2 39. Kh2 Rc1 40. g4 Bxg4 41. Kg3 Be6 42. Rd1 Rxd1 43. Bxd1 Kg7 44. Kf4 Kf6 45. Bc2 Bc4 46. Bxe4 Bb5 47. Bc2 Bc4 48. e4 a5 49. e5+ Kg7 50. Kg5 Bf7 51. bxa5 bxa5 52. f4 Be8 53. e6 a4 54. e7 Bf7 55. Bxa4 1-0

[Event "EYTCC U12 Open 2019"]
[Site "Pardubice"]
[Date "2019.07.11"]
[Round "1.3"]
[White "Gregoric, Andraz"]
[Black "Mekhane, Adam"]
[Result "0-1"]
[ECO "B59"]
[WhiteElo "1911"]
[BlackElo "2040"]
[Annotator "NA"]
[PlyCount "66"]
[EventDate "2019.07.11"]
[EventType "swiss"]
[EventCountry "CZE"]
[SourceTitle "playchess.com"]
[Source "ChessBase"]
[SourceQuality "1"]
[WhiteTeam "Slovenia"]
[BlackTeam "France"]
[WhiteTeamCountry "SLO"]
[BlackTeamCountry "FRA"]
[TimeControl "40/5400+30:1800+30"]

1. e4 c5 2. Nf3 Nc6 3. d4 cxd4 4. Nxd4 Nf6 5. Nc3 d6 6. Be2 e5 7. Nb3 Be7 8. Bg5 O-O 9. Bxf6 Bxf6 10. O-O Be6 11. Bf3 a5 12. Nc1 Nd4 13. Nb3 Nxf3+ 14. Qxf3 a4 15. Nc1 a3 16. Rb1 Qc7 17. b3 Bg5 18. N1e2 Qc6 19. Rbd1 Rac8 20. Qd3 Rfd8 21. Qg3 Bf4 22. Qd3 Bg5 23. Qg3 Bh6 24. Qd3 g6 25. Kh1 Kh8 26. f3 Qc5 27. h3 Rc6 28. Kh2 b5 29. Nxb5 Qxc2 30. Nxa3 Qxa2 31. Nc4 Rxc4 32. bxc4 Bxc4 33. Nc3 Qa6 0-1

[Event "EYTCC U12 Open 2019"]
[Site "Pardubice"]
[Date "2019.07.11"]
[Round "1.4"]
[White "Bat, Bilguun"]
[Black "Olenik Campa, Rudi"]
[Result "1-0"]
[ECO "A48"]
[WhiteElo "2093"]
[BlackElo "1854"]
[Annotator "NA"]
[PlyCount "99"]
[EventDate "2019.07.11"]
[EventType "swiss"]
[EventCountry "CZE"]
[SourceTitle "playchess.com"]
[Source "ChessBase"]
[SourceQuality "1"]
[WhiteTeam "France"]
[BlackTeam "Slovenia"]
[WhiteTeamCountry "FRA"]
[BlackTeamCountry "SLO"]
[TimeControl "40/5400+30:1800+30"]

1. d4 Nf6 2. Nf3 g6 3. c4 Bg7 4. e3 O-O 5. Be2 d6 6. Nc3 c5 7. O-O e6 8. b3 Nc6 9. Bb2 b6 10. a3 a6 11. Qc2 Qc7 12. Rfd1 Bb7 13. d5 exd5 14. Nxd5 Nxd5 15. cxd5 Ne7 16. Bxg7 Kxg7 17. Qb2+ Kg8 18. e4 Rfe8 19. h4 h5 20. Ng5 Qd7 21. Bf1 Bc8 22. e5 dxe5 23. Ne4 Kf8 24. Nf6 Qd6 25. Nxe8 Kxe8 26. b4 Nf5 27. bxc5 bxc5 28. Rac1 Ra7 29. Rb1 Rb7 30. Qc3 Nxh4 31. Rxb7 Bxb7 32. Qb3 Qd7 33. Qg3 Qg4 34. Qxg4 hxg4 35. Rc1 Ke7 36. Rxc5 Kd6 37. Ra5 f5 38. Be2 e4 39. Bxa6 Bxd5 40. Be2 e3 41. g3 Nf3+ 42. Bxf3 exf2+ 43. Kxf2 Bxf3 44. Ke3 Be4 45. Kf4 Bc6 46. Kg5 Bd5 47. Ra7 Ke5 48. Re7+ Kd4 49. Kf4 Bc6 50. Re6 1-0

[Event "EYTCC U12 Open 2019"]
[Site "Pardubice"]
[Date "2019.07.11"]
[Round "1.5"]
[White "Tancsa, Tamas"]
[Black "Finek, Vaclav"]
[Result "1-0"]
[ECO "B76"]
[WhiteElo "2126"]
[BlackElo "2043"]
[Annotator "NA"]
[PlyCount "173"]
[EventDate "2019.07.11"]
[EventType "swiss"]
[EventCountry "CZE"]
[SourceTitle "playchess.com"]
[Source "ChessBase"]
[SourceQuality "1"]
[WhiteTeam "Hungary"]
[BlackTeam "Czech Republic"]
[WhiteTeamCountry "HUN"]
[BlackTeamCountry "CZE"]
[TimeControl "40/5400+30:1800+30"]

1. e4 c5 2. Nf3 d6 3. d4 cxd4 4. Nxd4 Nf6 5. Nc3 g6 6. Be3 Bg7 7. f3 O-O 8. Qd2 Nc6 9. g4 Be6 10. Nxe6 fxe6 11. h4 d5 12. g5 d4 13. gxf6 Bxf6 14. Bc4 Qc8 15. O-O-O dxc3 16. Qd7 cxb2+ 17. Kb1 Qxd7 18. Rxd7 Kf7 19. f4 Na5 20. Bd3 Rfc8 21. e5 Bg7 22. Bd2 Nc4 23. Bb4 Bf8 24. h5 Nb6 25. hxg6+ hxg6 26. Rxb7 Nd5 27. Bd2 Rab8 28. Rxb8 Rxb8 29. Rg1 Bh6 30. Bxg6+ Kf8 31. c4 Nb6 32. Bd3 Rd8 33. Kc2 Na4 34. Be3 a6 35. c5 Nxc5 36. Bxc5 Rc8 37. Kxb2 Rxc5 38. Bxa6 Ke8 39. Rf1 Kd7 40. a4 Kc6 41. Kb3 Kd5 42. Kb4 Rc2 43. Rd1+ Kc6 44. Bb5+ Kc7 45. Rd7+ Kc8 46. Ka5 Bxf4 47. Rxe7 Bxe5 48. Rxe6 Bc7+ 49. Ka6 Rd2 50. Re4 Kb8 51. Bc6 Rd6 52. Rb4+ Kc8 53. Rc4 Kb8 54. a5 Bxa5 55. Kxa5 Kc7 56. Bf3+ Kd8 57. Kb5 Ke7 58. Kc5 Rd2 59. Bd5 Kf6 60. Kd6 Kf5 61. Rc1 Re2 62. Rf1+ Kg5 63. Be6 Rb2 64. Bc4 Rc2 65. Be6 Rb2 66. Ke7 Rb7+ 67. Bd7 Rb6 68. Rf5+ Kh4 69. Be6 Kg3 70. Kf6 Rb4 71. Ke5 Rb1 72. Bd5 Re1+ 73. Be4 Kg4 74. Rf8 Kg3 75. Rg8+ Kf2 76. Kf4 Rg1 77. Rh8 Rg7 78. Rh2+ Kg1 79. Ra2 Rc7 80. Kg3 Rf7 81. Bf3 Rg7+ 82. Bg4 Rf7 83. Re2 Rf8 84. Be6 Rf6 85. Re5 Rg6+ 86. Bg4 Kf1 87. Rd5 1-0

[Event "EYTCC U12 Open 2019"]
[Site "Pardubice"]
[Date "2019.07.11"]
[Round "1.6"]
[White "Nemec, Jachym"]
[Black "Tran, David"]
[Result "1-0"]
[ECO "D01"]
[WhiteElo "1927"]
[BlackElo "2112"]
[Annotator "NA"]
[PlyCount "81"]
[EventDate "2019.07.11"]
[EventType "swiss"]
[EventCountry "CZE"]
[SourceTitle "playchess.com"]
[Source "ChessBase"]
[SourceQuality "1"]
[WhiteTeam "Czech Republic"]
[BlackTeam "Hungary"]
[WhiteTeamCountry "CZE"]
[BlackTeamCountry "HUN"]
[TimeControl "40/5400+30:1800+30"]

1. d4 Nf6 2. Nc3 d5 3. Bg5 Nbd7 4. f3 c6 5. Qd2 h6 6. Bf4 Nh5 7. e4 Nxf4 8. Qxf4 dxe4 9. fxe4 e5 10. dxe5 Qa5 11. Bc4 Nxe5 12. Bb3 Bd6 13. Qe3 Be6 14. O-O-O O-O-O 15. Bxe6+ fxe6 16. Qh3 Rhe8 17. Nge2 Nc4 18. Nd4 Bf4+ 19. Kb1 Nd2+ 20. Rxd2 Bxd2 21. Nxe6 Rd7 22. Nxg7 Rg8 23. Nf5 Qb4 24. a3 Qc5 25. Rd1 Kc7 26. g3 Rgd8 27. Ne2 Bg5 28. Rxd7+ Rxd7 29. Nc3 Bf6 30. g4 Bxc3 31. Qxc3 Rd1+ 32. Ka2 Qxc3 33. bxc3 Rd2 34. h4 Rxc2+ 35. Kb3 Re2 36. Nxh6 Rxe4 37. h5 Re5 38. Nf5 Kd7 39. h6 Re8 40. g5 Rf8 41. g6 1-0

[Event "EYTCC U12 Open 2019"]
[Site "Pardubice"]
[Date "2019.07.11"]
[Round "1.7"]
[White "Konyves, Almos"]
[Black "Brozka, Karel"]
[Result "0-1"]
[ECO "E73"]
[WhiteElo "2104"]
[BlackElo "1816"]
[Annotator "NA"]
[PlyCount "96"]
[EventDate "2019.07.11"]
[EventType "swiss"]
[EventCountry "CZE"]
[SourceTitle "playchess.com"]
[Source "ChessBase"]
[SourceQuality "1"]
[WhiteTeam "Hungary"]
[BlackTeam "Czech Republic"]
[WhiteTeamCountry "HUN"]
[BlackTeamCountry "CZE"]
[TimeControl "40/5400+30:1800+30"]

1. c4 Nf6 2. Nc3 g6 3. e4 d6 4. d4 Bg7 5. Be2 Nbd7 6. Be3 e5 7. Nf3 O-O 8. d5 a5 9. Nd2 Ne8 10. g4 b6 11. h4 f5 12. exf5 gxf5 13. gxf5 Nc5 14. Nde4 Bxf5 15. Ng3 Qd7 16. Nxf5 Qxf5 17. Bg4 Qf6 18. Qc2 Kh8 19. O-O-O Bh6 20. Bg5 e4 21. Bxh6 Qxh6+ 22. Kb1 Qf4 23. Be2 Nf6 24. Rdf1 Rae8 25. Nb5 Re7 26. Nd4 Nfd7 27. a3 a4 28. Nc6 Rg7 29. Qc3 Qf6 30. Qxf6 Rxf6 31. f3 Nb3 32. Ka2 Rg2 33. Bd1 Nd2 34. Re1 exf3 35. Re8+ Nf8 36. Nd4 f2 37. Ne6 Kg8 38. Nxf8 Rxf8 39. Rxf8+ Kxf8 40. Be2 Rg1 41. Rh2 f1=Q 42. Bxf1 Nxf1 43. Rf2+ Ke7 44. Re2+ Kd7 45. Rf2 h5 46. Rf7+ Kc8 47. Rf5 Nd2 48. Rxh5 Nb3 0-1

[Event "EYTCC U12 Open 2019"]
[Site "Pardubice"]
[Date "2019.07.11"]
[Round "1.8"]
[White "Werner, Hong Quan Dan"]
[Black "Giang, Tran Nam"]
[Result "0-1"]
[ECO "B40"]
[WhiteElo "1734"]
[BlackElo "1931"]
[Annotator "NA"]
[PlyCount "72"]
[EventDate "2019.07.11"]
[EventType "swiss"]
[EventCountry "CZE"]
[SourceTitle "playchess.com"]
[Source "ChessBase"]
[SourceQuality "1"]
[WhiteTeam "Czech Republic"]
[BlackTeam "Hungary"]
[WhiteTeamCountry "CZE"]
[BlackTeamCountry "HUN"]
[TimeControl "40/5400+30:1800+30"]

1. e4 c5 2. Nf3 e6 3. d4 cxd4 4. Nxd4 Qb6 5. Nb3 Qc7 6. Nc3 a6 7. Be3 Nf6 8. f3 Nc6 9. Qd2 b5 10. O-O-O Be7 11. g4 O-O 12. h4 Bb7 13. h5 Rfd8 14. g5 Ne8 15. g6 fxg6 16. hxg6 h6 17. Bxh6 Qg3 18. Bd3 gxh6 19. Rdg1 Qe5 20. Qxh6 Qg7 21. Qh7+ Kf8 22. Qh8+ Qxh8 23. Rxh8+ Kg7 24. Rh7+ Kg8 25. g7 Nf6 26. Rh8+ Kf7 27. Rh2 Rg8 28. Rhg2 Nh5 29. e5 Nxe5 30. Nd2 Nxd3+ 31. cxd3 Rxg7 32. Nde4 Rxg2 33. Rxg2 Nf4 34. Rg4 Nxd3+ 35. Kd2 Ne5 36. Rf4+ Kg6 0-1

[Event "EYTCC U12 Open 2019"]
[Site "Pardubice"]
[Date "2019.07.11"]
[Round "1.9"]
[White "Tarhan, Adar"]
[Black "Fiszer, Bartosz"]
[Result "1-0"]
[ECO "B67"]
[WhiteElo "1972"]
[BlackElo "2124"]
[Annotator "NA"]
[PlyCount "165"]
[EventDate "2019.07.11"]
[EventType "swiss"]
[EventCountry "CZE"]
[SourceTitle "playchess.com"]
[Source "ChessBase"]
[SourceQuality "1"]
[WhiteTeam "Turkey"]
[BlackTeam "Poland"]
[WhiteTeamCountry "TUR"]
[BlackTeamCountry "POL"]
[TimeControl "40/5400+30:1800+30"]

1. e4 c5 2. Nf3 d6 3. d4 cxd4 4. Nxd4 Nf6 5. Nc3 Nc6 6. Bg5 e6 7. Qd2 a6 8. O-O-O Bd7 9. f4 b5 10. Qe1 Nxd4 11. Rxd4 Qb6 12. Qd2 b4 13. Nd1 a5 14. Bc4 Bc6 15. Bxf6 gxf6 16. Re1 Qc5 17. Bb3 a4 18. Bd5 b3 19. a3 Bxd5 20. exd5 e5 21. Nc3 Bh6 22. Nxa4 Qa7 23. Rc4 O-O 24. Kb1 Bxf4 25. Qe2 Rfb8 26. g3 bxc2+ 27. Qxc2 Bg5 28. h4 Be3 29. Rg4+ Kf8 30. Qxh7 Ke7 31. Qd3 Bf2 32. Re2 Qd7 33. Rc4 Rxa4 34. Rxa4 Qxa4 35. Rxf2 e4 36. Qc2 Qxc2+ 37. Kxc2 Rg8 38. Rf4 f5 39. Rxf5 Rxg3 40. Rf4 e3 41. Kd3 Rg2 42. b3 Rb2 43. Kc3 Ra2 44. Re4+ Kf6 45. Rxe3 Rxa3 46. Rf3+ Kg6 47. h5+ Kxh5 48. Rxf7 Ra5 49. Kc4 Rc5+ 50. Kd4 Rb5 51. Rd7 Rxb3 52. Rxd6 Kg5 53. Re6 Kf5 54. Re1 Rb5 55. d6 Rb2 56. Kc5 Rd2 57. Kc6 Kf6 58. d7 Kf7 59. Kc7 Rc2+ 60. Kd8 Rc3 61. Rf1+ Kg7 62. Rf4 Kg6 63. Ke7 Kg5 64. d8=Q Re3+ 65. Kd6+ Kxf4 66. Qf6+ Kg4 67. Kd5 Re2 68. Kd4 Kg3 69. Kd3 Rf2 70. Qg5+ Kf3 71. Qg1 Rg2 72. Qf1+ Kg3 73. Ke3 Kh2 74. Qf4+ Kg1 75. Qh4 Rg7 76. Kf3 Rg2 77. Qe4 Kh1 78. Qb1+ Kh2 79. Qe1 Ra2 80. Qe5+ Kg1 81. Qg5+ Kh2 82. Qh5+ Kg1 83. Qg6+ 1-0

[Event "EYTCC U12 Open 2019"]
[Site "Pardubice"]
[Date "2019.07.11"]
[Round "1.10"]
[White "Seemann, Jakub"]
[Black "Celik, Hasan Huseyin"]
[Result "1-0"]
[ECO "C07"]
[WhiteElo "2017"]
[BlackElo "1903"]
[Annotator "NA"]
[PlyCount "93"]
[EventDate "2019.07.11"]
[EventType "swiss"]
[EventCountry "CZE"]
[SourceTitle "playchess.com"]
[Source "ChessBase"]
[SourceQuality "1"]
[WhiteTeam "Poland"]
[BlackTeam "Turkey"]
[WhiteTeamCountry "POL"]
[BlackTeamCountry "TUR"]
[TimeControl "40/5400+30:1800+30"]

1. e4 e6 2. d4 d5 3. Nd2 c5 4. exd5 Qxd5 5. dxc5 Bxc5 6. Ngf3 Nf6 7. Bc4 Qc6 8. Qe2 O-O 9. O-O Nbd7 10. Nb3 Bd6 11. Nbd4 Qc5 12. c3 Nb6 13. Bd3 Nbd5 14. Ng5 Nf4 15. Bxf4 Bxf4 16. Ne4 Qe7 17. Nxf6+ Qxf6 18. Qe4 g6 19. g3 Bh6 20. f4 Rd8 21. Nf3 Rb8 22. Ne5 b6 23. Bb5 Bf8 24. b4 Rd6 25. Bc6 Qd8 26. b5 Qc7 27. Nc4 Rd8 28. Rad1 Bg7 29. Rxd8+ Qxd8 30. Qf3 Qe7 31. Qd3 Bb7 32. Qd6 Qf8 33. Rd1 Bxc6 34. bxc6 Rc8 35. Ne5 Qxd6 36. Rxd6 Bf8 37. Rd7 f6 38. c7 fxe5 39. fxe5 b5 40. Kf1 a5 41. Ke2 a4 42. Kd3 h6 43. a3 Kh8 44. Kc2 Kg8 45. c4 h5 46. cxb5 g5 47. b6 1-0

[Event "EYTCC U12 Open 2019"]
[Site "Pardubice"]
[Date "2019.07.11"]
[Round "1.11"]
[White "Portakalci, Yusuf"]
[Black "Meers, Hubert"]
[Result "1/2-1/2"]
[ECO "E68"]
[WhiteElo "1764"]
[BlackElo "2141"]
[Annotator "NA"]
[PlyCount "111"]
[EventDate "2019.07.11"]
[EventType "swiss"]
[EventCountry "CZE"]
[SourceTitle "playchess.com"]
[Source "ChessBase"]
[SourceQuality "1"]
[WhiteTeam "Turkey"]
[BlackTeam "Poland"]
[WhiteTeamCountry "TUR"]
[BlackTeamCountry "POL"]
[TimeControl "40/5400+30:1800+30"]

1. d4 g6 2. c4 Bg7 3. Nf3 Nf6 4. g3 O-O 5. Bg2 d6 6. O-O Nbd7 7. Nc3 e5 8. e4 exd4 9. Nxd4 Nb6 10. b3 a5 11. Bb2 Nfd7 12. Qd2 Nc5 13. Nd5 c6 14. Nxb6 Qxb6 15. Rab1 Bd7 16. a3 Rfe8 17. Rfe1 Ne6 18. Nxe6 Bxb2 19. c5 dxc5 20. Nxc5 Qxc5 21. Qxb2 b5 22. b4 Qb6 23. Rec1 Be6 24. Qc2 axb4 25. axb4 Bc4 26. Rb2 Qd4 27. Rd1 Qf6 28. f4 Red8 29. e5 Qe6 30. Rxd8+ Rxd8 31. Rb1 Qd7 32. Qf2 Ra8 33. h3 Qd3 34. Rb2 Bd5 35. Bxd5 Qxd5 36. Qg2 Qd4+ 37. Qf2 Ra1+ 38. Kh2 Qxf2+ 39. Rxf2 Rb1 40. Rc2 Rxb4 41. Rxc6 Rb1 42. Kg2 b4 43. Rb6 b3 44. Kf3 h5 45. Kg2 Rb2+ 46. Kf3 Rb1 47. g4 h4 48. f5 gxf5 49. gxf5 b2 50. Kg2 Re1 51. Rxb2 Rxe5 52. Rf2 Kg7 53. Rf4 Kf6 54. Rxh4 Rxf5 55. Kg3 Ra5 56. Rf4+ 1/2-1/2

[Event "EYTCC U12 Open 2019"]
[Site "Pardubice"]
[Date "2019.07.11"]
[Round "1.12"]
[White "Klimkowski, Jan"]
[Black "Durak, Can"]
[Result "1-0"]
[ECO "B33"]
[WhiteElo "1985"]
[BlackElo "1753"]
[Annotator "NA"]
[PlyCount "77"]
[EventDate "2019.07.11"]
[EventType "swiss"]
[EventCountry "CZE"]
[SourceTitle "playchess.com"]
[Source "ChessBase"]
[SourceQuality "1"]
[WhiteTeam "Poland"]
[BlackTeam "Turkey"]
[WhiteTeamCountry "POL"]
[BlackTeamCountry "TUR"]
[TimeControl "40/5400+30:1800+30"]

1. e4 c5 2. Nf3 Nc6 3. d4 cxd4 4. Nxd4 Nf6 5. Nc3 g6 6. Be3 Bg7 7. Nxc6 bxc6 8. e5 Ng8 9. Bd4 f6 10. exf6 Nxf6 11. Bc4 d5 12. Bb3 O-O 13. O-O Bf5 14. Re1 Re8 15. Qf3 Qc8 16. h3 h5 17. Re2 Kh7 18. Rae1 e6 19. Bxf6 Bxf6 20. g4 Bxc3 21. bxc3 Be4 22. Qf7+ Kh8 23. Qf6+ Kh7 24. f3 Qc7 25. fxe4 Qg3+ 26. Kh1 Rf8 27. Qe7+ Kh8 28. Re3 Qf2 29. Qg5 Rf3 30. Qe5+ Kh7 31. Qh2 hxg4 32. Qxf2 Rxf2 33. exd5 exd5 34. hxg4 Kg7 35. g5 a5 36. Re7+ Kf8 37. Ba4 c5 38. Bc6 Rd8 39. Kg1 1-0

[Event "EYTCC U12 Open 2019"]
[Site "Pardubice"]
[Date "2019.07.11"]
[Round "1.13"]
[White "Bakiev, Diyor"]
[Black "Royal, Shreyas"]
[Result "0-1"]
[ECO "C86"]
[WhiteElo "2121"]
[BlackElo "1996"]
[Annotator "NA"]
[PlyCount "115"]
[EventDate "2019.07.11"]
[EventType "swiss"]
[EventCountry "CZE"]
[SourceTitle "playchess.com"]
[Source "ChessBase"]
[SourceQuality "1"]
[WhiteTeam "Germany"]
[BlackTeam "England"]
[WhiteTeamCountry "GER"]
[BlackTeamCountry "ENG"]
[TimeControl "40/5400+30:1800+30"]

1. e4 e5 2. Nf3 Nc6 3. Bb5 a6 4. Ba4 Nf6 5. Qe2 b5 6. Bb3 Be7 7. O-O d6 8. c3 Bg4 9. d3 O-O 10. Rd1 Na5 11. Bc2 c5 12. Nbd2 Qc7 13. h3 Bh5 14. Nf1 Rfe8 15. g4 Bg6 16. Ng3 d5 17. h4 c4 18. dxc4 dxe4 19. Nh2 e3 20. Bxe3 Nxc4 21. Bf5 Nxe3 22. fxe3 e4 23. Kg2 Bd6 24. Nhf1 Bxg3 25. Nxg3 Bxf5 26. Nxf5 Qe5 27. Rf1 Rad8 28. Rad1 Rd3 29. g5 Nd5 30. Qf2 Rxd1 31. Nh6+ gxh6 32. Rxd1 hxg5 33. h5 Qf5 34. Qe2 Qf3+ 35. Qxf3 exf3+ 36. Kxf3 Rxe3+ 37. Kf2 Re5 38. h6 f5 39. b3 Nxc3 40. Rd7 Ne4+ 41. Kf3 Nf6 42. Rg7+ Kf8 43. Rxg5 Ng4 44. Kf4 Nxh6 45. Kxe5 Nf7+ 46. Kxf5 Nxg5 47. Kxg5 Ke7 48. Kh6 Kd6 49. Kxh7 Kc5 50. a3 Kd4 51. Kg6 Kc3 52. b4 Kb3 53. Kf5 Kxa3 54. Ke4 Kxb4 55. Kd3 Kb3 56. Kd2 Kb2 57. Kd3 a5 58. Kd4 0-1

[Event "EYTCC U12 Open 2019"]
[Site "Pardubice"]
[Date "2019.07.11"]
[Round "1.14"]
[White "Dias, Savin"]
[Black "Costa, Leonardo"]
[Result "1-0"]
[ECO "C54"]
[WhiteElo "1840"]
[BlackElo "2002"]
[Annotator "NA"]
[PlyCount "121"]
[EventDate "2019.07.11"]
[EventType "swiss"]
[EventCountry "CZE"]
[SourceTitle "playchess.com"]
[Source "ChessBase"]
[SourceQuality "1"]
[WhiteTeam "England"]
[BlackTeam "Germany"]
[WhiteTeamCountry "ENG"]
[BlackTeamCountry "GER"]
[TimeControl "40/5400+30:1800+30"]

1. e4 e5 2. Nf3 Nc6 3. Bc4 Bc5 4. c3 Nf6 5. d3 d6 6. O-O a6 7. Bb3 O-O 8. Nbd2 Ba7 9. h3 Be6 10. Bc2 Qc8 11. Nh2 d5 12. exd5 Bxd5 13. Ne4 Qf5 14. Nxf6+ Qxf6 15. Ng4 Qd6 16. Be3 f5 17. Nh2 Bxe3 18. fxe3 Kh8 19. e4 Be6 20. Nf3 fxe4 21. dxe4 Qc5+ 22. Kh2 Qe3 23. Qc1 Qxc1 24. Rfxc1 h6 25. b3 Rad8 26. Rd1 g5 27. Rxd8 Rxd8 28. Rd1 Rf8 29. Kg3 Kg7 30. h4 gxh4+ 31. Nxh4 Ne7 32. Bd3 Rf4 33. Nf3 Ng6 34. Nxe5 Rf6 35. Nxg6 Rxg6+ 36. Kf2 Rg4 37. Rd2 Kf6 38. Ke3 Ke5 39. Rf2 Rg3+ 40. Kd2 c5 41. Be2 b5 42. Bf3 Rg7 43. Ke3 Rd7 44. Rd2 Rxd2 45. Kxd2 b4 46. cxb4 cxb4 47. Ke3 a5 48. Bd1 Bf7 49. g3 Bg8 50. Be2 a4 51. Bd1 Bf7 52. bxa4 Bxa2 53. Kd3 Bb1+ 54. Kc4 Bxe4 55. Kxb4 Kd6 56. Be2 Bg2 57. a5 Be4 58. a6 Kc6 59. Kc4 Bg2 60. Kd4 Kd6 61. Bd3 {[%emt 0:00:00] Kd5+ Ke4+} 1-0

[Event "EYTCC U12 Open 2019"]
[Site "Pardubice"]
[Date "2019.07.11"]
[Round "1.15"]
[White "Deuer, Marius"]
[Black "Merriman, James"]
[Result "0-1"]
[ECO "C03"]
[WhiteElo "1881"]
[BlackElo "1808"]
[Annotator "NA"]
[PlyCount "98"]
[EventDate "2019.07.11"]
[EventType "swiss"]
[EventCountry "CZE"]
[SourceTitle "playchess.com"]
[Source "ChessBase"]
[SourceQuality "1"]
[WhiteTeam "Germany"]
[BlackTeam "England"]
[WhiteTeamCountry "GER"]
[BlackTeamCountry "ENG"]
[TimeControl "40/5400+30:1800+30"]

1. e4 e6 2. d4 d5 3. Nd2 Be7 4. e5 c5 5. c3 Nc6 6. Bd3 Nh6 7. Ne2 cxd4 8. cxd4 Nf5 9. Nf3 O-O 10. O-O f6 11. exf6 Bxf6 12. Bxf5 exf5 13. b3 g5 14. Bb2 Qd6 15. Qc1 f4 16. Ba3 Nb4 17. Ne5 a5 18. Nd3 Bf5 19. Qd2 Bxd3 20. Bxb4 axb4 21. Qxd3 Bg7 22. Rfc1 Rae8 23. h3 Re7 24. Rc2 f3 25. gxf3 Ref7 26. f4 gxf4 27. Kh2 Re7 28. Qf3 Qg6 29. Rac1 Qd6 30. Rc8 Rxe2 31. Rxf8+ Kxf8 32. Qg4 Re8 33. Rg1 Qg6 34. Qxf4+ Qf6 35. Qg3 Qxd4 36. Qd6+ Kg8 37. Kh1 Qe4+ 38. Rg2 Kh8 39. Qd7 Rg8 40. Qf7 d4 41. f3 Qe5 42. f4 Qf6 43. Qc7 d3 44. Kh2 Qd4 45. Qc1 Rf8 46. f5 Qe5+ 47. Kh1 Qxf5 48. Qc7 Qf1+ 49. Rg1 Qxh3+ 0-1

[Event "EYTCC U12 Open 2019"]
[Site "Pardubice"]
[Date "2019.07.11"]
[Round "1.16"]
[White "Trivedi, Aarnavh"]
[Black "Hagner, Bennet"]
[Result "1-0"]
[ECO "D00"]
[WhiteElo "1669"]
[BlackElo "1831"]
[Annotator "NA"]
[PlyCount "115"]
[EventDate "2019.07.11"]
[EventType "swiss"]
[EventCountry "CZE"]
[SourceTitle "playchess.com"]
[Source "ChessBase"]
[SourceQuality "1"]
[WhiteTeam "England"]
[BlackTeam "Germany"]
[WhiteTeamCountry "ENG"]
[BlackTeamCountry "GER"]
[TimeControl "40/5400+30:1800+30"]

1. d4 d5 2. Bf4 Nf6 3. e3 c5 4. c3 Nc6 5. Nd2 e6 6. Ngf3 Bd6 7. Ne5 O-O 8. Bd3 Qc7 9. Ndf3 b6 10. O-O Bb7 11. Bg3 h6 12. Nxc6 Bxg3 13. Nce5 Bxe5 14. Nxe5 c4 15. Bc2 b5 16. f4 Nd7 17. g4 Nxe5 18. dxe5 g6 19. Qd4 Kh7 20. Rf3 a5 21. Kf2 b4 22. f5 bxc3 23. bxc3 exf5 24. gxf5 Rae8 25. Rg1 Rg8 26. fxg6+ fxg6 27. Rf6 Qxe5 28. Qxe5 Rxe5 29. Rf7+ Rg7 30. Rxg7+ Kxg7 31. Rxg6+ Kf7 32. Rxh6 Rg5 33. Rh7+ Rg7 34. Rxg7+ Kxg7 35. Kg3 Kf6 36. Kf4 Bc6 37. h4 Be8 38. e4 dxe4 39. Bxe4 Bf7 40. Bf3 Bg6 41. h5 Bb1 42. a3 Bd3 43. Be4 Be2 44. h6 Bf1 45. h7 Kg7 46. Ke5 a4 47. Kd4 Be2 48. Kc5 Bd3 49. Bc6 Bc2 50. Kxc4 Kxh7 51. Kb4 Kg6 52. Bxa4 Be4 53. Be8+ Kf6 54. Kc5 Ke7 55. Bc6 Bd3 56. c4 Kd8 57. a4 Kc7 58. Bd5 1-0

[Event "EYTCC U12 Open 2019"]
[Site "Pardubice"]
[Date "2019.07.11"]
[Round "1.17"]
[White "Day, Tobias"]
[Black "Cohen, Elad"]
[Result "1/2-1/2"]
[ECO "C50"]
[WhiteElo "1826"]
[BlackElo "2002"]
[Annotator "NA"]
[PlyCount "125"]
[EventDate "2019.07.11"]
[EventType "swiss"]
[EventCountry "CZE"]
[SourceTitle "playchess.com"]
[Source "ChessBase"]
[SourceQuality "1"]
[WhiteTeam "Czech Republic"]
[BlackTeam "Israel"]
[WhiteTeamCountry "CZE"]
[BlackTeamCountry "ISR"]
[TimeControl "40/5400+30:1800+30"]

1. e4 e5 2. Nf3 Nc6 3. Bc4 Nf6 4. d3 Bc5 5. c3 d6 6. O-O h6 7. h3 O-O 8. Re1 a5 9. Bb3 Re8 10. Qe2 Be6 11. Bc2 d5 12. Nbd2 Ba7 13. Nf1 dxe4 14. dxe4 Qe7 15. Be3 Bxe3 16. Nxe3 Qc5 17. a4 Qb6 18. Qb5 Red8 19. Red1 Rxd1+ 20. Rxd1 Qxb5 21. axb5 Na7 22. c4 Re8 23. h4 Bc8 24. Nd2 Rd8 25. Nd5 Nxd5 26. exd5 Bg4 27. f3 Bh5 28. g4 Bg6 29. Bxg6 fxg6 30. Re1 c6 31. bxc6 bxc6 32. Rxe5 Kf7 33. Ne4 cxd5 34. Rxd5 Rxd5 35. cxd5 Nb5 36. Kf2 Nc7 37. Nd6+ Kf6 38. Nc4 Nxd5 39. Nxa5 Ke5 40. Nc6+ Kd6 41. Nd4 Nf4 42. Kg3 Nd3 43. b3 Ke5 44. Ne2 g5 45. hxg5 hxg5 46. Nc3 Nf4 47. Kf2 Kd4 48. Ne2+ Nxe2 49. Kxe2 Kc3 50. Ke3 Kxb3 51. Ke4 Kc4 52. Kf5 Kd4 53. Kxg5 Ke3 54. f4 Kf3 55. f5 Kg3 56. Kh5 Kf4 57. Kh4 Ke4 58. Kg3 Ke5 59. Kh4 Ke4 60. Kg3 Ke5 61. Kf3 g6 62. fxg6 Kf6 63. Kf4 1/2-1/2